Map: Deathaura LE

Players

Scarlett - Winner!

  • Race: Zerg Zerg
  • League: Master
  • Spawn Location: 11:00

PiLiPiLi

  • Race: Protoss Protoss
  • League: Grandmaster
  • Spawn Location: 5:00

Event: DreamHack SC2 Masters 2020 Winter

VOD

Have the link to the VOD?

Description

Time

  • Played on: Oct. 29, 2020, 5:44 p.m.
  • Length: 8:33

All games in this series

Show
View Real Time Build Order
Export as new Build Order

Scarlett Zerg - Winner!

Build Orders: Hatch First 

Get SALT Encoding   

  12  0:00  Drone  
  13  0:12  Overlord  
  13  0:16  Drone  
  14  0:30  Drone x2  
  16  0:46  Hatchery  
  15  0:50  Drone  
  15  0:54  Drone  
  17  0:57  Drone  
  18  1:08  Extractor  
  17  1:12  Spawning Pool  
  17  1:15  Drone  
  17  1:19  Drone  
  18  1:28  Drone  
  19  1:38  Drone  
  20  1:50  Drone  
  21  1:59  Drone, Queen x2, Overlord  
  26  2:10  Drone  
  26  2:11  Drone  
  26  2:12  Metabolic Boost  
  28  2:19  Drone  
  28  2:22  Drone  
  30  2:30  Hatchery  
  30  2:32  Drone  
  30  2:35  Drone  
  31  2:42  Drone  
  31  2:43  Overlord  
  32  2:48  Queen  
  34  2:52  Drone  
  34  2:54  Drone  
  36  3:04  Drone  
  39  3:06  Drone x4  
  39  3:08  Queen  
  43  3:15  Overlord  
  43  3:16  Drone  
  44  3:30  Overlord  
  44  3:33  Queen  
  47  3:34  Drone  
  47  3:39  Drone x5  
  47  3:41  Overlord  
  52  3:46  Overlord  
  52  3:49  Drone x2, Roach Warren  
  52  3:53  Zergling x2  
  54  3:56  Zergling x4, Spine Crawler  
  55  4:07  Zergling x6  
  58  4:13  Zergling x14  
  58  4:14  Overlord  
  65  4:19  Overlord  
  65  4:30  Roach x3  
  71  4:36  Roach  
  71  4:37  Roach x3  
  74  4:40  Spore Crawler  
  74  4:41  Spore Crawler  
  67  4:46  Roach x3  
  67  4:47  Zergling x4, Roach x2  
  78  4:59  Drone x4  
  80  5:05  Drone x4, Extractor  
  80  5:06  Drone, Extractor  
  84  5:07  Evolution Chamber  
  83  5:15  Overlord  
  83  5:16  Drone x3  
  83  5:17  Drone x4  
  83  5:18  Lair  
  83  5:20  Extractor  
  89  5:25  Drone  
  90  5:33  Drone x2, Overlord  
  92  5:39  Drone x2, Extractor  
  92  5:40  Drone  
  92  5:41  Drone x3  
  92  5:42  Overlord  
  97  5:43  Drone  
  97  5:45  Zerg Missile Weapons Level 1  
  97  5:49  Overlord  
  97  5:50  Zergling x6  
  97  5:54  Roach x3  
  106  6:01  Overlord  
  106  6:02  Overlord  
  106  6:04  Overlord  
  106  6:09  Roach  
  108  6:13  Roach x6  
  117  6:27  Roach x7  
  117  6:29  Glial Reconstitution  
  129  6:40  Extractor  
  129  6:44  Overlord x2  
  129  6:45  Zergling x16  
  136  6:57  Overseer, Overlord x2  
  136  6:59  Roach x4  
  144  7:06  Ravager x4  
  148  7:10  Zergling x12  
  147  7:20  Zergling x4  
  148  7:25  Spire  
  147  7:31  Zergling x10  
  147  7:35  Hatchery, Zergling x16  
  147  7:36  Ravager  
  154  7:53  Roach  
  154  7:54  Roach x5  
  154  7:58  Roach x2  
  158  8:09  Roach x5  
Show
View Real Time Build Order
Export as new Build Order

PiLiPiLi Protoss 

Build Orders: 1 Gate Expand, Mass Adepts 

Get SALT Encoding   

  12  0:00  Probe  
  13  0:12  Probe  
  14  0:18  Pylon  
  14  0:24  Probe  
  14  0:28  Assimilator  
  15  0:37  Probe (Chrono Boost)  
  16  0:44  Gateway  
  16  0:49  Probe (Chrono Boost)  
  17  0:56  Probe (Chrono Boost)  
  18  1:03  Probe  
  19  1:15  Probe  
  20  1:22  Nexus  
  20  1:32  Cybernetics Core  
  20  1:35  Probe  
  21  1:43  Assimilator  
  21  1:47  Probe  
  21  1:52  Pylon  
  22  2:00  Probe  
  23  2:08  Stalker (Chrono Boost)  
  23  2:09  Warp Gate  
  23  2:12  Probe  
  26  2:19  Twilight Council  
  26  2:24  Probe  
  27  2:30  Adept (Chrono Boost)  
  27  2:35  Probe  
  27  2:36  Probe  
  31  2:46  Robotics Facility  
  31  2:47  Probe  
  31  2:48  Probe  
  33  2:54  Resonating Glaives (Chrono Boost)  
  33  3:04  Gateway  
  33  3:08  Gateway  
  33  3:10  Probe  
  34  3:14  Probe  
  34  3:17  Gateway  
  35  3:23  Gateway  
  35  3:31  Warp Prism (Chrono Boost)  
  37  3:45  Pylon, Probe  
  38  3:57  Adept  
  38  3:58  Shield Battery  
  38  3:59  Adept  
  38  4:02  Adept  
  44  4:14  Pylon  
  44  4:18  Adept x2  
  44  4:19  Adept x2  
  44  4:23  Adept  
  54  4:25  Pylon  
  52  4:43  Adept x2  
  52  4:44  Adept x3  
  48  4:45  Probe  
  47  4:56  Warp Prism (Chrono Boost)  
  47  5:00  Probe (Chrono Boost)  
  47  5:05  Probe (Chrono Boost)  
  49  5:08  Robotics Bay  
  49  5:10  Probe (Chrono Boost)  
  49  5:14  Probe (Chrono Boost)  
  51  5:15  Probe (Chrono Boost)  
  51  5:18  Assimilator  
  51  5:20  Assimilator  
  52  5:22  Pylon  
  52  5:24  Probe  
  52  5:26  Probe  
  54  5:36  Probe  
  54  5:38  Probe  
  54  5:39  Stalker  
  54  5:40  Stalker  
  60  5:48  Probe  
  61  5:50  Probe  
  61  5:52  Pylon  
  61  5:53  Disruptor (Chrono Boost)  
  65  5:58  Gravitic Drive  
  65  6:00  Probe  
  64  6:19  Disruptor (Chrono Boost)  
  59  6:33  Probe  
  59  6:34  Gateway  
  59  6:36  Gateway  
  60  6:41  Adept x2  
  60  6:43  Adept  
  60  6:44  Colossus (Chrono Boost)  
  72  6:48  Probe  
  72  6:49  Probe  
  72  6:54  Nexus  
  74  6:55  Adept x2  
  74  6:56  Pylon  
  78  7:18  Stalker x2  
  78  7:19  Stalker x2  
  78  7:20  Colossus (Chrono Boost)  
  78  7:22  Probe x2  
  88  7:26  Shield Battery  
  94  7:31  Pylon  
  94  7:45  Pylon  
  94  7:51  Stalker x4  
  74  8:10  Stalker x4  
  71  8:16  Stalker  
  71  8:17  Stalker x2  
Tags
 
Add a new tag
Caveats
  • Supply blocks, unpowered buildings, or Contaminate may cause inaccurate times.
  • Supply counts are checked every 10 seconds.